 Dungeon Crawl Stone Soup version 0.31-a0-965-g8a8ce12e04 (webtiles) character file.

Game seed: 16704976615160262576

910 gelatine the Chopper (level 7, 0/79 HPs)
             Began as a Demonspawn Gladiator on Oct 26, 2023.
             Slain by an iguana (7 damage)
             ... on level 5 of the Dungeon.
             The game lasted 00:11:12 (3882 turns).

gelatine the Chopper (Demonspawn Gladiator)         Turns: 3882, Time: 00:11:12

Health: 0/79       AC:  9    Str: 15 (16) XL:     7   Next: 81%
Magic:  0/7        EV: 19    Int:  6 (9)  God:
Gold:   294        SH:  0    Dex: 14 (15) Spells: 6/6 levels left

rFire   . . .        a - +0 war axe
rCold   . . .        (no shield)
rNeg    . . .        g - +0 ring mail
rPois   .            (helmet currently unavailable)
rElec   .            (cloak currently unavailable)
rCorr   .            (gloves currently unavailable)
SInv    .            (boots currently unavailable)
Will    .....        y - amulet of guardian spirit Stlth
                     q - +5 ring of evasion
HPRegen 0.33/turn    w - +4 ring of protection
MPRegen 0.10/turn

%: guardian spirit
@: berserking (expiring), beast-form, very quick
A: beast (slay +1), antennae 1, repulsion field 1
a: Begin Untransformation


You were on level 5 of the Dungeon.
You were a hulking beast.
You visited 1 branch of the dungeon, and saw 5 of its levels.

You collected 294 gold pieces.

Inventory:

Hand Weapons
 a - a +0 war axe (weapon)
 u - the +4 dagger "Mulowof" {heavy, rElec rCorr Int+5 Stlth-}
   (You found it on level 3 of the Dungeon)

   Int+5:     It affects your intelligence (+5).
   rElec:     It insulates you from electricity.
   rCorr:     It protects you from acid and corrosion.
   Stlth-:    It makes you less stealthy.
Missiles
 d - a throwing net
 e - a javelin
 s - 2 atropa-tipped darts (quivered)
Armour
 b - a +0 leather armour
 c - a +0 helmet
 g - a +0 ring mail (worn)
Jewellery
 f - a +6 ring of intelligence
 q - a +5 ring of evasion (left hand)
 w - a +4 ring of protection (right hand)
 y - an amulet of guardian spirit (around neck)
Talismans
 i - a beast talisman (active)
Wands
 A - a wand of roots (9)
Scrolls
 h - a scroll of silence
 k - a scroll of teleportation
 l - a scroll of poison
 m - a scroll of immolation
 o - a scroll of amnesia
 p - a scroll of revelation
 r - a scroll of acquirement {unknown}
 t - a scroll of torment {unknown}
 v - a scroll of enchant weapon {unknown}
 x - a scroll of fear {unknown}
 D - a scroll of noise {unknown}
Potions
 j - 2 potions of brilliance
 n - a potion of magic
 z - 2 potions of attraction
 B - 2 potions of curing
 C - 2 potions of mutation


   Skills:
 + Level 3.7 Fighting
 + Level 6.0 Axes
 + Level 2.1 Throwing
 + Level 2.1 Armour
 + Level 3.9 Dodging
 + Level 0.3 Stealth
 * Level 2.9 Shapeshifting


You had 6 spell levels left.
You didn't know any spells.
Your spell library contained the following spells:

 Spells                   Type           Power      Damage    Failure   Level
 Slow                     Hex            0%         N/A       67%         1
 Confusing Touch          Hex            0%         N/A       96%         3
 Sigil of Binding         Hex            0%         N/A       96%         3
 Vampiric Draining        Necr           0%         2d6       96%         3


Dungeon Overview and Level Annotations

Branches:
Dungeon (5/15)             Temple (0/1) D:5

Altars:
Uskayaw


Innate Abilities, Weirdness & Mutations

You are a hulking beast.
Your limbs bulge with bestial killing power. (Slay +1)
You have a pair of small antennae on your head.
You are surrounded by a mild repulsion field. (EV +2)


Message History

You feel weakened.
You feel dopey.
You feel clumsy. The iguana bites you.
* * * LOW HITPOINT WARNING * * *
It was a potion of berserk rage.
A red film seems to cover your vision as you go berserk!
You feel yourself moving faster!
You feel mighty! The iguana completely misses you.
You barely miss the iguana. The iguana barely misses you.
You slash the iguana!
The iguana is almost dead.
The iguana misses you.
You slash the iguana!
You kill the iguana!
The centaur shoots an arrow.
The arrow completely misses you.
You closely miss the adder. The adder bites you but does no damage.
You closely miss the adder. The adder misses you.
You slice the adder!!
You kill the adder!
The adder completely misses you.
You barely miss the adder.
An iguana comes into view.
The adder bites you but does no damage.
You miss the adder. The adder bites you but does no damage.
You slash the adder!
You kill the adder!
You slash the centaur!
The centaur is heavily wounded.
The centaur unwields a +0 shortbow.
The centaur closely misses you. The centaur completely misses you.
You hit the centaur but do no damage.
The centaur is heavily wounded.
You barely miss the iguana. The centaur completely misses you.
The centaur misses you. The iguana completely misses you.
You slash the centaur!
The centaur is almost dead.
You hit the iguana. The centaur misses you. The centaur completely misses you.
You hit the centaur.
You kill the centaur!
You closely miss the iguana. The iguana bites you!
You die...

####### # # # ### . ##..
... ############...
.....######<#....##.....#
#...Sh.#.#.##.##......
#.#..##l#...##.##..#.#.
#.#.##.######......... #.
#c................#. #?
#..##############.#. #$
#.. #.#. . #. #.## .. ###
..


You could see an iguana and an adder.

Vanquished Creatures
  A black bear (D:5)
  A centaur (D:5)
  2 ogres
  2 scorpions (D:4)
  A howler monkey (D:5)
  2 hounds (D:5)
  2 jellies
  3 iguanas
  3 orc wizards
  3 gnolls (D:3)
  9 adders
  2 white imps
  A worm (D:3)
  A dart slug (D:2)
  17 orcs
  6 bats
  2 endoplasms (D:2)
  3 giant cockroaches
  7 goblins
  7 hobgoblins
  12 kobolds
  4 quokkas
  9 ball pythons
  3 frilled lizards
  4 rats
107 creatures vanquished.

Notes
Turn   | Place    | Note
-------+----------+-------------------------------------------
     0 | D:1      | gelatine the Demonspawn Gladiator began the quest for the
                  | Orb.
     0 | D:1      | Reached XP level 1. HP: 16/16 MP: 1/1
   338 | D:1      | Gained mutation: You have a pair of small antennae on your
                  | head. [demonic ancestry]
   338 | D:1      | Reached XP level 2. HP: 22/22 MP: 2/2
   385 | D:1      | Reached skill level 3 in Axes
   854 | D:2      | Reached XP level 3. HP: 24/27 MP: 3/3
  1342 | D:2      | Gained mutation: You are surrounded by a mild repulsion
                  | field. (EV +2) [demonic ancestry]
  1342 | D:2      | Reached XP level 4. HP: 14/34 MP: 4/4
  1789 | D:3      | Reached skill level 1 in Shapeshifting
  1941 | D:3      | Identified the +4 dagger "Mulowof" {heavy, rElec rCorr
                  | Int+5 Stlth-}
  2073 | D:3      | Found a hide-covered altar of Uskayaw.
  2075 | D:3      | Noticed a +0 dagger
  2075 | D:3      | Noticed a +0 dagger
  2165 | D:3      | Reached XP level 5. HP: 17/39 MP: 2/5
  2385 | D:3      | Reached skill level 1 in Armour
  2592 | D:4      | Reached skill level 4 in Axes
  2707 | D:4      | Reached XP level 6. HP: 45/46 MP: 6/6
  3196 | D:5      | Entered Level 5 of the Dungeon
  3227 | D:5      | Reached XP level 7. HP: 45/52 MP: 7/7
  3326 | D:5      | Reached skill level 5 in Axes
  3357 | D:5      | Found a staircase to the Ecumenical Temple.
  3867 | D:5      | Reached skill level 6 in Axes
  3868 | D:5      | HP: 2/52 [iguana (5)]
  3882 | D:5      | Slain by an iguana

Illustrated notes

Levels and vault maps discovered:
D:1:      minmay_arrival_widening_spiral_narrow, layout_rooms
D:2:      layout_loops_ring, minmay_fractal_squares_gapless_5
D:3:      layout_basic, dancing_weapons_uskayaw, minivault_25,
          dreamdust_wishing_well
D:4:      layout_gridville
D:5:      layout_basic, minmay_temple_entry_gardened_gates, minmay_circle_x,
          uniq_pikel

Skill      XL: |  1  2  3  4  5  6  7 |
---------------+----------------------+-----
Axes           | 3 4 6 |  6.0
Dodging        | 3 |  3.9
Shapeshifting  | 1 2 |  2.9
Armour         | 1 2 |  2.1
Throwing       | 2 |  2.1
Fighting       | 3 |  3.7
Stealth        | |  0.3

Action                     |  1- 3 |  4- 6 |  7- 9 || total
---------------------------+-------+-------+-------++-------
  Melee: War axe           |   141 |   176 |    51 ||   368
         Punch             |       |     1 |       ||     1
  Throw: Throwing net      |     4 |     2 |       ||     6
         Dart              |       |     4 |       ||     4
    Use: Scroll            |       |    11 |       ||    11
         Potion            |       |       |     2 ||     2
   Stab: Invisible         |       |     1 |       ||     1
 Armour: Ring mail         |   109 |    94 |    28 ||   231
  Dodge: Dodged            |    99 |   210 |    68 ||   377
   Form: Beast             |     1 |       |       ||     1

Table legend: (Time is in decaauts)
 A = Elapsed time spent in this place.
 B = Non-inter-level travel time spent in this place.
 C = Inter-level travel time spent in this place.
 D = Time resting spent in this place.
 E = Time spent auto-exploring this place.
 F = Levels seen in this place.
 G = Mean time per level.
                   A        B        C        D        E       F      G
               +--------+--------+--------+--------+--------+-----+--------+
         Total |   3986 |   3944 |     42 |      0 |   2960 |   5 |  797.2 |
       Dungeon |   3986 |   3944 |     42 |      0 |   2960 |   5 |  797.2 |
               +--------+--------+--------+--------+--------+-----+--------+

Top non-repeatable levels by time:
     D:2: 938 daAuts
     D:3: 817 daAuts
     D:4: 816 daAuts
     D:1: 719 daAuts
     D:5: 695 daAuts
